[Event "Titled Tuesday Blitz January 10 Early 2023"]
[White "Andreev, Eduard"]
[Black "Cherniaiev, Tykhon"]
[WhiteFideId "14103400"]
[BlackFideId "14182360"]
[WhiteElo "2413"]
[BlackElo "2330"]
[Result "1/2-1/2"]
[Round "11"]
[TimeControl "180+2"]
[Date "2023.01.10"]
[WhiteClock "0:00:43"]
[BlackClock "0:00:27"]

1. e4 e5 2. Nf3 Nc6 3. d4 exd4 4. Nxd4 Nf6 5. Nxc6 bxc6 6. e5 Qe7 7. Qe2 Nd5 8. h4 d6 9. c4 Nb6 10. exd6 Qxe2+ 11. Bxe2 cxd6 12. Nc3 Be7 13. Bf4 Be6 14. b3 d5 15. cxd5 Nxd5 16. Nxd5 Bxd5 17. Kf1 a5 18. Bc4 a4 19. Re1 Kd7 20. Rh3 axb3 21. axb3 Bd6 22. Bxd6 Kxd6 23. Rd3 Rhd8 24. Red1 Kc5 25. Rc1 Kd6 26. Rcd1 Kc5 27. Rc1 Kd6 28. Rcd1 1/2-1/2


[Site "https://www.chess.com"]

[Event "Titled Tuesday Blitz January 10 Early 2023"]
[White "Bilych, Olexiy"]
[Black "Krienke, Makaio"]
[WhiteFideId "14156504"]
[BlackFideId "2038854"]
[WhiteElo "2441"]
[BlackElo "2115"]
[Result "1-0"]
[Round "11"]
[TimeControl "180+2"]
[Date "2023.01.10"]
[WhiteClock "0:00:19"]
[BlackClock "0:00:44"]

1. e4 e5 2. Nf3 Nc6 3. Bb5 a6 4. Ba4 Nf6 5. O-O b5 6. Bb3 Be7 7. Re1 O-O 8. c3 d6 9. h3 Na5 10. Bc2 c5 11. d4 Qc7 12. d5 c4 13. b4 cxb3 14. axb3 Bd7 15. Be3 Rfc8 16. Qe2 Bd8 17. Rc1 Nb7 18. b4 a5 19. Na3 Qxc3 20. Nxb5 Qxb4 21. Na7 Rxc2 22. Rxc2 Qxe4 23. Nc6 Nxd5 24. Nxd8 Nxd8 25. Rc4 Qg6 26. Bd2 Bb5 27. Rxa5 Rxa5 28. Rc8 Ra1+ 29. Ne1 Qf6 30. Qxb5 Nf4 31. Qe8# 1-0


[Site "https://www.chess.com"]

[Event "Titled Tuesday Blitz January 10 Early 2023"]
[White "Ibadov, Dashgyn"]
[Black "Tan, Zhongyi"]
[WhiteFideId "24107514"]
[BlackFideId "8603642"]
[WhiteElo "2391"]
[BlackElo "2517"]
[Result "0-1"]
[Round "11"]
[TimeControl "180+2"]
[Date "2023.01.10"]
[WhiteClock "0:00:06"]
[BlackClock "0:00:08"]

1. e4 c5 2. Nf3 d6 3. d4 cxd4 4. Nxd4 Nf6 5. Nc3 g6 6. Be3 Bg7 7. f3 O-O 8. Qd2 Nc6 9. O-O-O d5 10. Qe1 e5 11. Nxc6 bxc6 12. exd5 Nxd5 13. Bc5 Re8 14. Bc4 Be6 15. Bb3 Qc7 16. Ne4 Rad8 17. h4 h6 18. Kb1 f5 19. Nf2 Nf4 20. g3 Bxb3 21. axb3 Ne6 22. Be3 e4 23. Rxd8 Nxd8 24. f4 h5 25. Qb4 Ne6 26. Rd1 c5 27. Qc4 Kh7 28. Rd5 Qa5 29. Bd2 Qb6 30. Nd1 Rd8 31. Bc3 Rxd5 32. Qxd5 Nd4 33. Ne3 Qb5 34. Nc4 Qc6 35. Qf7 Qe6 36. Qxa7 e3 37. Qxc5 e2 38. Ne5 Bxe5 39. fxe5 Nf3 40. Qe3 e1=Q+ 41. Bxe1 Qd5 42. e6 Qd1+ 43. Ka2 Nxe1 44. e7 Nxc2 45. b4 Qa1+ 46. Kb3 Nxe3 47. e8=Q Qd1+ 48. Ka3 Qd3+ 49. Ka2 Qd5+ 50. Ka3 Nc2+ 51. Ka4 Qa2+ 52. Kb5 Qd5+ 53. Ka4 Nd4 54. Qe7+ Kg8 55. Qe8+ Kg7 56. Qe7+ Kh6 57. Qf8+ Kh7 58. Qe7+ Kg8 59. Qe8+ Kg7 60. Qe7+ Qf7 61. Qxf7+ Kxf7 62. b5 Ke6 63. b6 Kd7 64. Ka5 Kc8 65. Ka6 Kb8 66. b4 Ne2 67. Kb5 Nxg3 68. Kc5 Ne4+ 69. Kd4 Nd6 70. Ke5 Nc8 71. Kf4 Nxb6 72. Kg5 Nd5 73. Kxg6 f4 0-1


[Site "https://www.chess.com"]

[Event "Titled Tuesday Blitz January 10 Early 2023"]
[White "Skvortsov, Andrei"]
[Black "marik_spb"]
[WhiteFideId "24108600"]
[WhiteElo "2313"]
[BlackElo "2432"]
[Result "1-0"]
[Round "11"]
[TimeControl "180+2"]
[Date "2023.01.10"]
[WhiteClock "0:00:09"]
[BlackClock "0:00:01"]

1. e4 c6 2. e5 d5 3. exd6 exd6 4. d4 Nf6 5. Nf3 Bf5 6. Bd3 Bxd3 7. Qxd3 Be7 8. O-O O-O 9. c4 d5 10. b3 Ne4 11. cxd5 cxd5 12. Nc3 Nxc3 13. Qxc3 Nc6 14. Bf4 Rc8 15. Qd2 Qb6 16. h4 Qb4 17. Qd3 Bf6 18. Rad1 Rfe8 19. Bg5 Qd6 20. Rfe1 Rxe1+ 21. Rxe1 Bxg5 22. Qf5 Rd8 23. Nxg5 Qg6 24. Qxd5 Rf8 25. Qe4 h6 26. Qxg6 fxg6 27. Nf3 Rd8 28. Re4 Kf7 29. g3 Kf6 30. Kf1 Nb4 31. a4 Nc6 32. Ke2 Na5 33. b4 Nc4 34. d5 Nb6 35. Re6+ Kf7 36. Ne5+ Kg8 37. d6 Nd7 38. Nxg6 Kf7 39. Nf4 Nf8 40. Re7+ Kf6 41. Rxb7 Rxd6 42. Rxa7 Rd4 43. Ke3 Rc4 44. Kd3 Rc1 45. b5 g5 46. hxg5+ hxg5 47. Nd5+ Ke5 48. Ne3 Ne6 49. Kd2 Rb1 50. Re7 Kd6 51. Re8 Nc5 52. a5 Rxb5 53. Ra8 Ne4+ 54. Ke2 Rb2+ 55. Kf3 Nd2+ 56. Kg4 Kc5 57. f4 gxf4 58. gxf4 Ne4 59. a6 Ra2 60. Kf3 1-0


[Site "https://www.chess.com"]

[Event "Titled Tuesday Blitz January 10 Early 2023"]
[White "Dvirnyy, Danyyil"]
[Black "Berezin, Viktor"]
[WhiteFideId "817570"]
[BlackFideId "14107872"]
[WhiteElo "2541"]
[BlackElo "2307"]
[Result "1-0"]
[Round "11"]
[TimeControl "180+2"]
[Date "2023.01.10"]
[WhiteClock "0:01:04"]
[BlackClock "0:00:04"]

1. e4 c6 2. d4 d5 3. exd5 cxd5 4. Bd3 Nc6 5. c3 Qc7 6. Ne2 Nf6 7. Bf4 Qb6 8. Qb3 Bg4 9. Nd2 e6 10. Ng3 Nh5 11. Nxh5 Bxh5 12. Qxb6 axb6 13. Bc7 Kd7 14. Bxb6 Bg6 15. Bxg6 hxg6 16. Nb3 Ra6 17. Bc5 b6 18. Bxf8 Rxf8 19. a3 Kd6 20. O-O-O Na5 21. Nd2 Rc8 22. h4 f6 23. g4 Nc6 24. Kb1 e5 25. dxe5+ Nxe5 26. f3 Ra5 27. h5 Rb5 28. hxg6 Nd3 29. Nb3 Nf2 30. Nd4 Rbc5 31. Nf5+ Kd7 32. Nxg7 Nxd1 33. Rxd1 Rg8 34. Nf5 Rxg6 35. Re1 Rg8 36. Re7+ Kc6 37. Re6+ Kb5 38. Rxf6 Kc4 39. Kc2 Kb5 40. b4 Rc4 41. Kb3 Rgc8 42. Nd6+ Ka6 43. Nxc8 Rxc8 44. g5 Rg8 45. f4 Rh8 46. g6 Rh3 47. f5 d4 48. Rc6 d3 49. Rd6 Rf3 50. g7 Rg3 51. f6 Rg6 52. Rxd3 Rxf6 53. g8=Q 1-0


[Site "https://www.chess.com"]

[Event "Titled Tuesday Blitz January 10 Early 2023"]
[White "Zhigalko, Sergei"]
[Black "Szpar, Milosz"]
[WhiteFideId "13502956"]
[BlackFideId "1184989"]
[WhiteElo "2572"]
[BlackElo "2447"]
[Result "1-0"]
[Round "11"]
[TimeControl "180+2"]
[Date "2023.01.10"]
[WhiteClock "0:00:04"]
[BlackClock "0:02:23"]

1. e4 e6 2. d4 d5 3. e5 c5 4. c3 Nc6 5. Nf3 Bd7 6. Be2 Nge7 7. Na3 cxd4 8. cxd4 Nf5 9. Nc2 Rc8 10. O-O a6 11. Bd3 h6 12. b4 b5 13. a3 Rc7 14. Re1 Na7 15. Bf4 g5 16. Bxf5 gxf4 17. Bd3 h5 18. Rc1 Nc8 19. Na1 Rxc1 20. Qxc1 Bh6 21. Nb3 Nb6 22. Nc5 Nc4 23. Nxa6 Rg8 24. Kh1 Rg7 25. Nc5 Ke7 26. a4 Bc6 27. axb5 Bxb5 28. Qa1 Qb8 29. Re2 Rg8 30. Ra2 Rc8 31. Ra7+ Ke8 32. h3 Kf8 33. Rb7 Qa8 34. Qxa8 Rxa8 35. Rxb5 Ra1+ 36. Kh2 Nb2 37. Be2 Kg7 38. Rb7 Ra2 39. Nxe6+ Kg6 40. Nh4+ Kh7 41. Rxf7+ Kg8 42. Rc7 Na4 43. Bxh5 Rxf2 44. Bf7+ Kh8 45. Ng6+ Kh7 46. Ngxf4 Bxf4+ 47. Nxf4 Rxf4 48. Bxd5+ Kh6 49. e6 Rxd4 50. e7 Rxd5 51. e8=Q Rg5 52. Qf8+ Rg7 53. Rxg7 Kh5 54. Qh8# 1-0


[Site "https://www.chess.com"]

[Event "Titled Tuesday Blitz January 10 Early 2023"]
[White "Indjic, Aleksandar"]
[Black "Mohamed Anees M"]
[WhiteFideId "911925"]
[BlackFideId "35065815"]
[WhiteElo "2618"]
[BlackElo "2315"]
[Result "1-0"]
[Round "11"]
[TimeControl "180+2"]
[Date "2023.01.10"]
[WhiteClock "0:01:47"]
[BlackClock "0:00:45"]

1. e3 d5 2. Qe2 Nf6 3. d3 c5 4. Nd2 Nc6 5. g3 g6 6. Bg2 Bg7 7. c3 d4 8. exd4 cxd4 9. c4 O-O 10. Ngf3 e5 11. O-O Nd7 12. Ng5 h6 13. Nge4 f5 14. Nd6 Nc5 15. Nxc8 Rxc8 16. Nb3 Qe7 17. Nxc5 Qxc5 18. a3 a5 19. Bd2 Rce8 20. b4 axb4 21. Bd5+ Kh7 22. axb4 Nxb4 23. Bxb4 Qxb4 24. Rab1 Qc5 25. Rxb7 Re7 26. Rfb1 Rfe8 27. g4 e4 28. gxf5 gxf5 29. Qh5 Qc8 30. Rb8 Qc7 31. Rxe8 1-0


[Site "https://www.chess.com"]

[Event "Titled Tuesday Blitz January 10 Early 2023"]
[White "Ozen, Bahadir"]
[Black "Jakubowski, Krzysztof"]
[WhiteFideId "6337058"]
[BlackFideId "1112848"]
[WhiteElo "2369"]
[BlackElo "2486"]
[Result "1-0"]
[Round "11"]
[TimeControl "180+2"]
[Date "2023.01.10"]
[WhiteClock "0:00:58"]
[BlackClock "0:00:37"]

1. g3 d5 2. Nf3 Bf5 3. Bg2 e6 4. d3 Nf6 5. Nh4 Bg6 6. Nxg6 hxg6 7. Nd2 Nbd7 8. O-O Be7 9. e4 c6 10. Qe2 Qb6 11. a4 a5 12. e5 Ng8 13. Nb3 Qc7 14. f4 Nh6 15. Be3 c5 16. c4 d4 17. Bf2 g5 18. Nd2 gxf4 19. gxf4 Nf5 20. Ne4 O-O-O 21. b4 axb4 22. a5 Nb8 23. a6 Nxa6 24. Ra4 Qb6 25. Rfa1 Rh6 26. Ng5 Bxg5 27. fxg5 Rh7 28. g6 fxg6 29. Bxb7+ Kxb7 30. Rxa6 Qxa6 31. Qe4+ Qc6 32. Ra7+ Kxa7 33. Qxc6 Rhh8 34. Qxc5+ Kb7 35. Qxb4+ Kc6 36. Qa4+ Kc7 37. Be1 Ra8 38. Ba5+ Kb7 39. Qb5+ 1-0


[Site "https://www.chess.com"]

[Event "Titled Tuesday Blitz January 10 Early 2023"]
[White "Mikhailovsky, Vladimir"]
[Black "Royal, Shreyas"]
[WhiteFideId "34105414"]
[BlackFideId "448869"]
[WhiteElo "2215"]
[BlackElo "2438"]
[Result "0-1"]
[Round "11"]
[TimeControl "180+2"]
[Date "2023.01.10"]
[WhiteClock "0:00:04"]
[BlackClock "0:00:42"]

1. e4 e5 2. Ke2 Nf6 3. d3 d5 4. f3 Nc6 5. c3 Bc5 6. Nd2 Be6 7. Nb3 Bb6 8. Bg5 h6 9. Bh4 Qd7 10. Bf2 O-O-O 11. Nc5 Bxc5 12. Bxc5 dxe4 13. fxe4 Nxe4 14. dxe4 Bc4+ 15. Kf2 Qe6 16. Qe1 Bxf1 17. Qxf1 Rd2+ 18. Ne2 Rhd8 19. Be3 Rxb2 20. Rd1 Rf8 21. Kg1 f5 22. exf5 Rxf5 23. Qe1 Qxa2 24. Qg3 Rxe2 25. Qg4 Ne7 26. Qxg7 Qf7 27. Qh8+ Qf8 28. Qxh6 Qxh6 29. Bxh6 Rff2 30. h4 Rxg2+ 31. Kf1 Nf5 32. Rh3 b5 33. Bg5 Ra2 34. Rf3 Ng3+ 35. Rxg3 Rxg3 36. Re1 Rf3+ 37. Kg1 Rf5 38. Re4 Rc2 39. Re3 a5 40. Rg3 a4 41. c4 b4 42. h5 a3 43. h6 a2 0-1


[Site "https://www.chess.com"]

[Event "Titled Tuesday Blitz January 10 Early 2023"]
[White "Bodnaruk, Anastasia"]
[Black "Bryakin, Mikhail"]
[WhiteFideId "4181751"]
[BlackFideId "4165314"]
[WhiteElo "2350"]
[BlackElo "2455"]
[Result "1-0"]
[Round "11"]
[TimeControl "180+2"]
[Date "2023.01.10"]
[WhiteClock "0:00:08"]
[BlackClock "0:00:02"]

1. e4 c5 2. Nc3 Nc6 3. Bb5 Nd4 4. Bc4 e6 5. Nge2 Ne7 6. O-O Nec6 7. d3 g6 8. f4 Bg7 9. a4 O-O 10. Be3 d6 11. Bf2 f5 12. Nxd4 cxd4 13. Ne2 Kh8 14. Qd2 a6 15. Ba2 e5 16. c3 fxe4 17. dxe4 Bg4 18. cxd4 Bxe2 19. Qxe2 exf4 20. Rad1 Qa5 21. b3 Rae8 22. Bb1 Qb4 23. Qd3 Na5 24. Be1 Qb6 25. Bc2 Nc6 26. Bc3 Nb4 27. Bxb4 Qxb4 28. Qc4 Qb6 29. Qd5 Re5 30. Qc4 Re7 31. Rf2 Rc7 32. Qd5 Qc6 33. Qe6 Rcc8 34. Bb1 Rce8 35. Qc4 Rc8 36. Qd3 Qc3 37. Rff1 Qb4 38. Rf3 Rc7 39. g3 g5 40. gxf4 Rxf4 41. Rxf4 gxf4 42. e5 Bf8 43. e6 Rg7+ 44. Kh1 d5 45. Qf5 Qd6 46. Rf1 Kg8 47. Rxf4 Qe7 48. Rg4 Rxg4 49. Qxg4+ Qg7 50. Qf5 1-0


[Site "https://www.chess.com"]

[Event "Titled Tuesday Blitz January 10 Early 2023"]
[White "Postny, Evgeny"]
[Black "Sourath Biswas"]
[WhiteFideId "2804344"]
[BlackFideId "35091484"]
[WhiteElo "2549"]
[BlackElo "2281"]
[Result "1/2-1/2"]
[Round "11"]
[TimeControl "180+2"]
[Date "2023.01.10"]
[WhiteClock "0:00:03"]
[BlackClock "0:00:07"]

1. e4 c6 2. d4 d5 3. Nd2 dxe4 4. Nxe4 Bf5 5. Ng3 Bg6 6. h4 h6 7. Nf3 Nd7 8. h5 Bh7 9. Bd3 Bxd3 10. Qxd3 e6 11. Bd2 Ngf6 12. O-O-O Be7 13. Ne4 Nxe4 14. Qxe4 Nf6 15. Qe2 Qd5 16. c4 Qe4 17. Qxe4 Nxe4 18. Be3 f5 19. Nd2 Nf6 20. Bf4 O-O-O 21. Nf3 Ne4 22. Rhf1 Bf6 23. Be5 Bg5+ 24. Kc2 Rd7 25. Nxg5 hxg5 26. f3 Nf6 27. Bxf6 gxf6 28. Rfe1 Rxh5 29. Rxe6 Rh2 30. Rd2 Rf7 31. d5 cxd5 32. cxd5 Rh4 33. Kc3 Kd7 34. b3 g4 35. a4 Rh1 36. a5 Ra1 37. Kb4 Rf1 38. Rd3 Rf2 39. fxg4 Rf4+ 40. Kc5 fxg4 41. b4 Rf8 42. Rd6+ Kc7 43. Re3 Rf7 44. b5 Rc4+ 45. Kxc4 Kxd6 46. Re6+ Kd7 47. a6 b6 48. Rc6 f5 49. d6 Kd8 50. Kd5 f4 51. Ke6 Rh7 52. Rc4 Rh6+ 53. Kd5 f3 54. gxf3 gxf3 55. Rf4 Rh5+ 56. Ke6 Rh6+ 57. Kd5 Rh5+ 58. Kc6 Rc5+ 59. Kb7 Kd7 60. Rxf3 Kxd6 61. Kxa7 Rxb5 62. Kb7 Rh5 63. Rd3+ Kc5 64. a7 Rh7+ 65. Kb8 Rh8+ 66. Kc7 Rh7+ 67. Rd7 Rh8 68. Kb7 b5 69. Rc7+ Kb4 70. Rc8 Rh7+ 71. Kb6 Rxa7 72. Kxa7 Ka3 73. Ka6 b4 74. Ka5 b3 75. Rc3 Ka2 76. Ka4 b2 77. Rc2 Ka1 78. Rxb2 Kxb2 1/2-1/2


[Site "https://www.chess.com"]

[Event "Titled Tuesday Blitz January 10 Early 2023"]
[White "Aradhya, Garg"]
[Black "Yelisieiev, Yevhenii"]
[WhiteFideId "25006746"]
[BlackFideId "14139642"]
[WhiteElo "2284"]
[BlackElo "2418"]
[Result "1-0"]
[Round "11"]
[TimeControl "180+2"]
[Date "2023.01.10"]
[WhiteClock "0:00:34"]
[BlackClock "0:00:01"]

1. d4 d5 2. c4 e6 3. Nf3 Nf6 4. e3 Be7 5. Nc3 O-O 6. b3 c5 7. cxd5 cxd4 8. Qxd4 exd5 9. Bb2 Nc6 10. Qd2 Bb4 11. a3 Ne4 12. Qc1 Bxc3+ 13. Bxc3 Nxc3 14. Qxc3 Bg4 15. Be2 Bxf3 16. Bxf3 d4 17. exd4 Re8+ 18. Kf1 Rc8 19. Rd1 Qb6 20. g3 Ne5 21. Qe3 Nc4 22. Qf4 Nb2 23. Rd2 Rc1+ 24. Kg2 Rxh1 25. Kxh1 Qxb3 26. Kg2 Nc4 27. Re2 Rf8 28. Re7 1-0


[Site "https://www.chess.com"]

[Event "Titled Tuesday Blitz January 10 Early 2023"]
[White "Le Ruyet, Leopold"]
[Black "Goltsev, Dmitry"]
[WhiteFideId "645923"]
[BlackFideId "24176710"]
[WhiteElo "2245"]
[BlackElo "2269"]
[Result "0-1"]
[Round "11"]
[TimeControl "180+2"]
[Date "2023.01.10"]
[WhiteClock "0:00:01"]
[BlackClock "0:00:11"]

1. e4 e6 2. d4 d5 3. e5 c5 4. c3 Nc6 5. Nf3 Nge7 6. Bd3 cxd4 7. cxd4 Nf5 8. Bxf5 exf5 9. O-O Be6 10. Nc3 Be7 11. Ne2 g5 12. a3 a5 13. Ne1 h6 14. f4 Qb6 15. Kh1 Kd7 16. Nd3 Rac8 17. Be3 Qa6 18. b4 b6 19. bxa5 Nxa5 20. Qa4+ b5 21. Qd1 Nc4 22. Bg1 Nxa3 23. Nc5+ Bxc5 24. dxc5 b4 25. Nd4 gxf4 26. c6+ Ke8 27. Nxe6 fxe6 28. Qh5+ Kd8 29. Qh4+ Ke8 30. Qh5+ Kd8 31. Bc5 Qxc6 32. Bxb4 Nc2 33. Ba5+ Ke7 34. Rac1 Qa4 35. Qh4+ Kd7 36. Bd2 Ne3 37. Ra1 Qd4 38. Rfb1 Qxd2 39. Ra7+ Kc6 40. Ra6+ Kc5 41. Qe7+ Kd4 42. Qa7+ Ke4 43. Ra4+ Rc4 44. Rxc4+ dxc4 45. Qb7+ Qd5 46. Qg7 Rb8 47. Rg1 Qxe5 48. Qxh6 Rb2 49. Qh7 c3 50. Qd7 c2 51. Qc6+ Qd5 52. Qc3 Rb1 0-1


[Site "https://www.chess.com"]

[Event "Titled Tuesday Blitz January 10 Early 2023"]
[White "Ginzburg, Yakov"]
[Black "Santos Ruiz, Miguel"]
[WhiteFideId "4157176"]
[BlackFideId "22291482"]
[WhiteElo "2405"]
[BlackElo "2590"]
[Result "0-1"]
[Round "11"]
[TimeControl "180+2"]
[Date "2023.01.10"]
[WhiteClock "0:00:04"]
[BlackClock "0:00:12"]

1. d4 Nf6 2. c4 e6 3. g3 d5 4. Bg2 dxc4 5. Nf3 a6 6. Ne5 Bb4+ 7. Bd2 Be7 8. Bc3 Nd5 9. Nxc4 b5 10. Ne5 Bb7 11. O-O c5 12. dxc5 Bxc5 13. Bd4 Be7 14. Nc3 Nxc3 15. Bxc3 Bxg2 16. Kxg2 O-O 17. Rc1 Qb6 18. e3 f6 19. Nd3 Rd8 20. Qf3 Nd7 21. Bd4 Qa5 22. a3 e5 23. Qd5+ Kh8 24. Qf7 exd4 25. Qxe7 dxe3 26. Qxe3 Re8 27. Qf3 Rad8 28. Nf4 Ne5 29. Qb7 Rd7 30. Qe4 Qd8 31. Rfe1 Rd4 32. Qb7 Qd6 33. Rc8 Rxc8 34. Qxc8+ Qd8 35. Qxa6 g5 36. Rc1 Kg7 37. Rc8 Qd7 38. Nh5+ Kg6 39. Qxf6+ Kxh5 40. Qxe5 Qb7+ 41. Kh3 Rh4+ 42. gxh4 Qf3+ 43. Qg3 g4# 0-1


[Site "https://www.chess.com"]

[Event "Titled Tuesday Blitz January 10 Early 2023"]
[White "Iskusnyh, Sergei"]
[Black "Seo, Jung Min"]
[WhiteFideId "4120027"]
[BlackFideId "1734687"]
[WhiteElo "2440"]
[BlackElo "2494"]
[Result "1-0"]
[Round "11"]
[TimeControl "180+2"]
[Date "2023.01.10"]
[WhiteClock "0:00:33"]
[BlackClock "0:00:37"]

1. d4 Nf6 2. c4 d6 3. Nf3 g6 4. g3 Bg7 5. Bg2 O-O 6. Nc3 Nbd7 7. O-O e5 8. e4 Re8 9. h3 c6 10. Be3 Qc7 11. Qc2 exd4 12. Nxd4 Nc5 13. Rad1 a5 14. b3 Nfd7 15. Rfe1 Nf8 16. f4 Bd7 17. Bf2 Rad8 18. Qd2 Bc8 19. Nde2 Nfe6 20. Qc2 Qb6 21. Na4 Qc7 22. Nec3 Nxa4 23. Nxa4 c5 24. Nc3 Nd4 25. Qc1 Be6 26. Kh2 h5 27. Bxd4 cxd4 28. Nb5 Qc5 29. Qd2 a4 30. Nxd4 Bd7 31. Nc2 axb3 32. axb3 Bc6 33. h4 Ra8 34. Nb4 Rad8 35. Nd5 b5 36. cxb5 Bxb5 37. Rc1 Qa3 38. Nc7 Qxb3 39. Rb1 Bc3 40. Qe3 Qc4 41. Nxe8 Bxe1 42. Nf6+ Kg7 43. Nxh5+ gxh5 44. Qxe1 Bd7 45. f5 Qd4 46. Rd1 Qe5 47. Qd2 Bc6 48. Qg5+ Kf8 49. Qxd8+ 1-0


[Site "https://www.chess.com"]

[Event "Titled Tuesday Blitz January 10 Early 2023"]
[White "Karttunen, Mika"]
[Black "Domingo Nunez, Ruben"]
[WhiteFideId "502081"]
[BlackFideId "22245570"]
[WhiteElo "2490"]
[BlackElo "2416"]
[Result "1-0"]
[Round "11"]
[TimeControl "180+2"]
[Date "2023.01.10"]
[WhiteClock "0:00:26"]
[BlackClock "0:00:19"]

1. d4 g6 2. e4 Bg7 3. Nc3 c6 4. f4 d5 5. e5 f6 6. Nf3 Nh6 7. Bd3 Bg4 8. h3 Bxf3 9. Qxf3 O-O 10. Qg3 fxe5 11. fxe5 c5 12. Ne2 c4 13. Bxg6 hxg6 14. Qxg6 Qe8 15. Qg5 Qf7 16. Nf4 Nc6 17. c3 e6 18. Bd2 Rae8 19. O-O Qf5 20. Qg3 Qh7 21. Nh5 Nf5 22. Rxf5 Rxf5 23. Nf6+ Rxf6 24. exf6 Rf8 25. Rf1 Rf7 26. fxg7 Rxf1+ 27. Kxf1 Qb1+ 28. Be1 Qf5+ 29. Kg1 e5 30. dxe5 Nxe5 31. Bd2 b5 32. Bh6 Nf7 33. Be3 a6 34. Bd4 Qc8 35. Qh4 1-0


[Site "https://www.chess.com"]

[Event "Titled Tuesday Blitz January 10 Early 2023"]
[White "Turzo, Attila"]
[Black "Martinez Ramirez, Lennis"]
[WhiteFideId "704954"]
[BlackFideId "3509079"]
[WhiteElo "2279"]
[BlackElo "2426"]
[Result "0-1"]
[Round "11"]
[TimeControl "180+2"]
[Date "2023.01.10"]
[WhiteClock "0:00:09"]
[BlackClock "0:00:14"]

1. d4 d5 2. Bf4 c5 3. e3 cxd4 4. exd4 Nc6 5. c3 Nf6 6. Nd2 Bg4 7. Qb3 Qd7 8. Ngf3 e6 9. Bd3 a6 10. a4 Be7 11. O-O O-O 12. Rae1 Bd6 13. Ne5 Qc7 14. Bg3 Bh5 15. f4 Bg6 16. Nxg6 hxg6 17. Qd1 Ne7 18. Nf3 Nf5 19. Ne5 b5 20. axb5 axb5 21. Bf2 b4 22. g4 Ne7 23. cxb4 Bxb4 24. Re3 Ne4 25. Rh3 f6 26. Nf3 Qxf4 27. Bxe4 dxe4 28. Nh4 Bd2 29. Ng2 Qg5 30. Bh4 Qh6 31. g5 Bxg5 32. Qg4 Bxh4 33. Qxe6+ Rf7 34. Rxh4 Qd2 35. Rxe4 Qxb2 36. d5 Rd8 37. d6 Qb6+ 38. Kh1 Qxd6 39. Qc4 Qd5 40. Qe2 Nf5 41. Nf4 Qb7 42. Kg1 Kh7 43. Ne6 Qb6+ 44. Kh1 Ra8 45. Qg4 Nh6 46. Qh3 Qc6 47. Qg2 Ra6 48. Ng5+ fxg5 49. Rxf7 Nxf7 50. Rh4+ gxh4 0-1


[Site "https://www.chess.com"]

[Event "Titled Tuesday Blitz January 10 Early 2023"]
[White "Tikhonov, Viacheslav"]
[Black "Papasimakopoulos, Alexandros"]
[WhiteFideId "44196407"]
[BlackFideId "4244125"]
[WhiteElo "2220"]
[BlackElo "2401"]
[Result "1/2-1/2"]
[Round "11"]
[TimeControl "180+2"]
[Date "2023.01.10"]
[WhiteClock "0:00:05"]
[BlackClock "0:00:28"]

1. e4 e6 2. Qe2 d5 3. exd5 Qxd5 4. Nc3 Qa5 5. b3 Nf6 6. Bb2 Ba3 7. O-O-O Bxb2+ 8. Kxb2 Nc6 9. Nf3 O-O 10. Rg1 Nb4 11. Qb5 Qxb5 12. Nxb5 c6 13. Nc3 a5 14. Ne5 Nd7 15. Nc4 b5 16. Nd6 Rd8 17. a4 Nb6 18. Nxc8 Raxc8 19. axb5 cxb5 20. Bxb5 Rd4 21. d3 N6d5 22. Bc4 Rf4 23. Rd2 Nxc3 24. Kxc3 Nd5+ 25. Kb2 Rg4 26. g3 Nb6 27. Ra1 Rg5 28. Re2 Rgc5 29. Re4 g5 30. f4 h6 31. h4 Kg7 32. hxg5 hxg5 33. Rd4 gxf4 34. gxf4 a4 35. bxa4 Nxc4+ 36. Rxc4 Rxc4 37. dxc4 Rxc4 38. a5 Rxf4 39. Kb3 Rh4 40. a6 Rh8 41. a7 Ra8 42. Kb4 f5 43. Kc5 e5 44. Kd5 e4 45. Ke5 Kg6 46. Kf4 Kf6 47. Ra6+ Ke7 48. Kxf5 e3 49. Ra1 e2 50. Ke5 Kd7 51. Kd5 Kc8 52. Re1 Rxa7 53. Rxe2 Rd7+ 54. Kc6 Rc7+ 55. Kb5 Rb7+ 56. Ka4 Ra7+ 57. Kb4 Rb7+ 58. Ka3 Ra7+ 59. Kb2 Rb7+ 60. Kc1 Rb6 61. Re3 Rh6 62. c3 Ra6 63. Kc2 Rh6 64. Kb3 Ra6 65. Kc4 Rh6 66. Kb5 Rg6 67. c4 Rh6 68. Re4 Rg6 69. c5 Rh6 70. Kc4 Rg6 71. Kd5 Rh6 72. Re5 Rg6 73. Re4 Rh6 74. Re5 Rg6 75. Rh5 Ra6 76. Rh8+ Kc7 77. Rh7+ Kc8 78. Rg7 Rh6 79. Rg8+ Kc7 80. Rg7+ Kc8 81. Rg5 Ra6 82. Re5 Rh6 83. Re4 Ra6 84. Rd4 Rh6 85. Kc4 Ra6 86. Kb5 Rh6 87. Rg4 Rf6 88. Rg8+ Kc7 89. Rg7+ Kc8 90. Ra7 Rh6 91. c6 Rh1 92. Ra8+ Kc7 93. Ra7+ Kc8 94. Ra4 Kc7 95. Rc4 Rg1 96. Kc5 Rh1 97. Rd4 Rc1+ 98. Kd5 Rh1 99. Re4 Rd1+ 100. Ke6 Rd2 101. Rc4 Rd1 102. Ke5 Rd2 103. Ke4 Rd1 104. Ke5 Rd2 105. Ke4 Rd1 106. Ke3 Rd8 107. Ke4 Rd1 1/2-1/2


[Site "https://www.chess.com"]

[Event "Titled Tuesday Blitz January 10 Early 2023"]
[White "Barrientos, Sergio E"]
[Black "Garakov, Mikhael"]
[WhiteFideId "4401824"]
[BlackFideId "4169034"]
[WhiteElo "2479"]
[BlackElo "2447"]
[Result "1-0"]
[Round "11"]
[TimeControl "180+2"]
[Date "2023.01.10"]
[WhiteClock "0:00:43"]
[BlackClock "0:00:03"]

1. d4 Nf6 2. Nf3 g6 3. g3 c5 4. Bg2 cxd4 5. Nxd4 Bg7 6. O-O O-O 7. c4 Nc6 8. Nc3 a6 9. Nb3 b6 10. Be3 Rb8 11. h3 Ne5 12. Nd2 b5 13. Ba7 Rb7 14. Bxb7 Bxb7 15. cxb5 Qa8 16. Bd4 Nh5 17. bxa6 Bg2 18. Kh2 Bxf1 19. Qxf1 Qxa6 20. Rd1 Rc8 21. f4 Nc6 22. Bxg7 Nxg7 23. e3 Qa8 24. Qf3 Qb8 25. Nb3 d6 26. Nd5 Kf8 27. Rc1 Nf5 28. Qe4 e6 29. Nf6 d5 30. Nd7+ Kg7 31. Nxb8 dxe4 32. Nxc6 Nxe3 33. Ncd4 Rd8 34. Re1 Nc4 35. Rxe4 Nxb2 36. Re2 Na4 37. Rd2 Nc3 38. Nxe6+ 1-0


[Site "https://www.chess.com"]

[Event "Titled Tuesday Blitz January 10 Early 2023"]
[White "Sokolovsky, Yahli"]
[Black "Parpiev, Isaak"]
[WhiteFideId "2820242"]
[BlackFideId "34281576"]
[WhiteElo "2461"]
[BlackElo "2167"]
[Result "1-0"]
[Round "11"]
[TimeControl "180+2"]
[Date "2023.01.10"]
[WhiteClock "0:00:07"]
[BlackClock "0:00:03"]

1. b3 Nf6 2. Bb2 d5 3. e3 e6 4. d4 Bd6 5. Nf3 O-O 6. Bd3 c5 7. Nbd2 Nc6 8. a3 cxd4 9. exd4 b6 10. O-O Bb7 11. Ne5 Qc7 12. f4 Ne7 13. Qf3 Ne8 14. Qh3 g6 15. Ndf3 f6 16. Qxe6+ Kg7 17. Nd7 Rf7 18. Nfe5 fxe5 19. fxe5 Nf5 20. Bxf5 gxf5 21. Nf6 Nxf6 22. Rxf5 Re8 23. Rg5+ Kh8 24. exd6 Rxe6 25. dxc7 Rxc7 26. c4 Rg7 27. Rf5 Kg8 28. Raf1 Rg6 29. R5f2 h5 30. h3 h4 31. a4 a5 32. c5 Kh7 33. Ba3 Kg8 34. cxb6 Rxb6 35. Bc5 Re6 36. b4 axb4 37. Bxb4 Ba6 38. Rc1 Bc4 39. Bc5 Ne4 40. Rb2 Kh7 41. a5 Ng3 42. Rb7+ Kh6 43. Bf8+ Kh5 44. Rh7+ Kg5 45. Be7+ Kf5 46. Kh2 Nf1+ 47. Kh1 Ng3+ 48. Kh2 Ke4 49. Rxh4+ Kd3 50. Bb4 Ne2 51. Rd1+ Kc2 52. Rd2+ Kb3 53. Bc5 Re4 54. Rxe4 dxe4 55. d5 Bxd5 56. Rxd5 Nc3 57. Rd2 Kc4 58. Be3 Nd5 59. Rd4+ Kc5 60. Rxe4+ Kc6 61. Bf2 Ne3 62. Bxe3 1-0


[Site "https://www.chess.com"]

[Event "Titled Tuesday Blitz January 10 Early 2023"]
[White "Dehtiarov, Roman"]
[Black "Florescu, Codrut-Constantin"]
[WhiteFideId "14186640"]
[BlackFideId "1202200"]
[WhiteElo "2289"]
[BlackElo "2259"]
[Result "1-0"]
[Round "11"]
[TimeControl "180+2"]
[Date "2023.01.10"]
[WhiteClock "0:02:19"]
[BlackClock "0:02:12"]

1. e4 c5 2. Nc3 e6 3. f4 a6 4. Nf3 b5 5. d3 Bb7 6. g3 d6 7. Bg2 Nc6 8. O-O Nf6 9. h3 h5 10. Be3 b4 11. Ne2 d5 12. e5 Nd7 13. d4 a5 14. f5 exf5 15. c3 bxc3 16. bxc3 cxd4 17. cxd4 g6 18. Nf4 Nb4 19. a3 Na6 20. Rb1 Bc6 21. e6 Nf6 22. exf7+ Kxf7 23. Ne5+ Kg7 24. Ne6+ 1-0


[Site "https://www.chess.com"]